 Dungeon Crawl Stone Soup version 0.29-a0-823-gc37b1572da (webtiles) character file.

Game seed: 17804598475660302467

298 Shayle the Covert (level 6, -3/57 HPs)
             Began as a Naga Brigand on July 8, 2022.
             Killed from afar by Ijyb (15 damage)
             ... with a bolt of acid
             ... on level 3 of the Dungeon.
             The game lasted 00:13:12 (4304 turns).

Shayle the Covert (Naga Brigand)                    Turns: 4304, Time: 00:13:12

Health: -3/57      AC:  2    Str: 13    XL:     6   Next: 35%
Magic:  10/10      EV:  9    Int: 13    God:
Gold:   161        SH:  5    Dex: 13    Spells: 11/11 levels left

rFire   . . .      SeeInvis +   a - +2 dagger
rCold   . . .      Faith    .   (no shield)
rNeg    . . .      Spirit   .   b - +0 robe
rPois   +          Reflect  +   o - +1 hat
rElec   .          Harm     .   c - +0 cloak
rCorr   .          Rampage  .   p - +0 pair of gloves
Will    .....                   (no barding)
Stlth   ++++......              m - amulet of reflection
HPRegen 0.19/turn               (no ring)
MPRegen 0.12/turn               (no ring)

@: corroded, very slow
A: AC +2, large, see invisible, deformed body, poison resistance, slowness 2,
spit poison 1, naga tail 1
a: Spit Poison


You were on level 3 of the Dungeon.
You visited 2 branches of the dungeon, and saw 5 of its levels.

You collected 161 gold pieces.

Inventory:

Hand Weapons
 a - a +2 dagger (weapon)
 n - a +1 scimitar
Missiles
 d - 12 poisoned darts (quivered)
 i - 4 boomerangs
Armour
 b - a +0 robe (worn)
 c - a +0 cloak (worn)
 o - a +1 hat (worn)
 p - a +0 pair of gloves (worn)
Jewellery
 m - an amulet of reflection (around neck)
Scrolls
 h - a scroll of enchant weapon
 j - a scroll of blinking
 s - a scroll of identify
Potions
 f - a potion of lignification
 g - a potion of ambrosia {unknown}
 k - a potion of invisibility
 l - a potion of might
 q - 3 potions of haste {unknown}


   Skills:
 + Level 4.0 Fighting
 - Level 2.0 Short Blades
 - Level 1.7 Throwing
 - Level 0.7 Dodging
 + Level 8.1 Stealth
 + Level 3.0 Spellcasting


You had 11 spell levels left.
You didn't know any spells.
Your spell library contained the following spells:

 Spells                   Type           Power      Damage    Failure   Level
 Apportation              Tloc           2%         N/A       22%         1
 Magic Dart               Conj           4%         1d3       22%         1
 Necrotise                Necr           4%         1d4       22%         1
 Summon Small Mammal      Summ           4%         N/A       22%         1
 Searing Ray              Conj           2%         2d4       34%         2
 Tukima's Dance           Hex            1%         N/A       56%         3
 Cause Fear               Hex            0%         N/A       92%         4
 Fulminant Prism          Conj/Hex       0%         3d6       92%         4
 Passage of Golubria      Tloc           1%         N/A       92%         4
 Freezing Cloud           Conj/Ice/Air   0%         6-21      99%         5
 Yara's Violent Unravell  Hex/Tmut       0%         3d3       99%         5
 Iron Shot                Conj/Erth      0%         9d1       100%        6


Dungeon Overview and Level Annotations

Branches:
Dungeon (4/15)             Temple (1/1) D:4

Altars:
Cheibriados
Dithmenos
Elyvilon
Fedhas
Gozag
Hepliaklqana
Kikubaaqudgha
Makhleb
Nemelex Xobeh
Okawaru
Qazlal
Ru
Sif Muna
Trog
Uskayaw
Vehumet
Xom
Yredelemnul
Zin
The Shining One

Shops:
D:4 [

Annotations:
D:3 Ijyb


Innate Abilities, Weirdness & Mutations

Your serpentine skin is tough. (AC +2)
You have supernaturally acute eyesight. (SInv)
Armour fits poorly on your strangely shaped body.
Your system is resistant to poisons. (rPois)
You cover ground very slowly.
You can spit poison.
You have a snake-like lower body.


Message History

There is an open door here.
Items here: )) †††.
There is an open door here.
Items here: )) †††.
HP restored.
You see here a jackal corpse.
You now have 161 gold pieces (gained 12).
You see here a +1 hat.
You open the gate.
There is an open gate here.
There is an open gate here.
You see here a +1 hat.
You start putting on your armour.
You continue putting on your +1 hat. x4
You finish putting on your +1 hat.
You open the door. You open the large door.
A jackal and a goblin come into view.
A goblin and Ijyb come into view.
Ijyb is wielding a +0 club, wearing a +3 ring mail of fire resistance and carrying a wand of acid (8).
The goblin shouts!
Ijyb shouts!
There is a large open door here.
Aiming: Spit Poison (1% risk of failure)
Press: ? - help, Shift-Dir - straight line, f - goblin
Aim: a goblin, wielding a +0 club (50% to hit)
The splash of poison misses the goblin.
Ijyb zaps a wand.
The bolt of acid hits you!! The acid corrodes you!
You hit the goblin but do no damage. The goblin hits you but does no damage.
The goblin barely misses you.
Ijyb zaps a wand.
The bolt of acid hits the goblin!!
The acid corrodes the goblin!
The goblin dies!
The bolt of acid hits you!!
* * * LOW HITPOINT WARNING * * *
Throw: dart (curare)
Press: ? - help, Q - select action, (/) - cycle Shift-Dir - straight line, f - Ijyb
Aim: Ijyb, wielding a +0 club, wearing a +3 ring mail of fire resistance and carrying a wand of acid (6) (55% to hit)
You throw a curare-tipped dart.
The curare-tipped dart closely misses Ijyb.
You have got your breath back.
Ijyb zaps a wand.
The bolt of acid hits you!
You die...

#.....#.)....≈≈#
##+##.....##'##..≈≈#
#...#.....#...# .≈≈#
#...#.....#...# ≈#
#...#.....#...#
##'##.....##)##
#.........†..#
#............#
#..@##########
#..)#.......
#...'...g.h.
#...'g......
############


You could see Ijyb.

Vanquished Creatures
  A scorpion (D:4)
  3 orc priests (D:4)
  An iguana (D:4)
  An orc wizard (D:4)
  2 adders
  A worm (D:2)
  2 dart slugs
  4 orcs
  4 endoplasms
  3 giant cockroaches
  8 goblins
  6 hobgoblins
  10 jackals
  2 quokkas (D:4)
  9 ball pythons
  6 bats
  4 frilled lizards (D:1)
  2 kobolds
  4 rats
73 creatures vanquished.

Vanquished Creatures (collateral kills)
  An orc (D:4)
1 creature vanquished.

Vanquished Creatures (others)
  A goblin (D:3)
  5 plants (D:2)
6 creatures vanquished.

Grand Total: 80 creatures vanquished

Notes
Turn   | Place    | Note
-------+----------+-------------------------------------------
     0 | D:1      | Shayle the Naga Brigand began the quest for the Orb.
     0 | D:1      | Reached XP level 1. HP: 19/19 MP: 1/1
   107 | D:1      | Reached skill level 6 in Stealth
   187 | D:1      | Reached XP level 2. HP: 20/26 MP: 2/2
   336 | D:1      | Found a faded altar of an unknown god.
   480 | D:1      | Reached skill level 1 in Spellcasting
   719 | D:1      | Reached XP level 3. HP: 33/33 MP: 4/4
  1893 | D:2      | Reached XP level 4. HP: 40/40 MP: 6/6
  2224 | D:3      | You fall into a shaft and drop 1 floor!
  2316 | D:4      | Noticed a scorpion
  2319 | D:4      | Killed a scorpion
  2320 | D:4      | Reached skill level 7 in Stealth
  2320 | D:4      | Reached XP level 5. HP: 49/49 MP: 6/8
  2380 | D:4      | Found a stormy altar of Qazlal.
  2382 | D:4      | Noticed a water elemental
  2383 | D:4      | Noticed a fire elemental
  2383 | D:4      | Noticed an air elemental
  2544 | D:4      | Got the Compendium of the Manifold Portals
  2704 | D:4      | Found a staircase to the Ecumenical Temple.
  2717 | Temple   | Entered the Ecumenical Temple
  3455 | D:4      | Reached XP level 6. HP: 28/57 MP: 8/10
  3487 | D:4      | Reached skill level 8 in Stealth
  3872 | D:4      | Found Faulosih's Armour Boutique.
  4297 | D:3      | Noticed Ijyb
  4304 | D:3      | Killed from afar by Ijyb

Illustrated notes

Levels and vault maps discovered:
D:1:      minmay_arrival_plants_in_alcoves, layout_basic,
          basic_ecumenical_altar, corexii_leaking_fountain, dk_noncrumbling_3,
          minmay_cupped
D:2:      layout_basic, serial_forest, infiniplex_forest_straight_3,
          infiniplex_forest_straight_4, infiniplex_forest_clump_tiny,
          infiniplex_forest_lined_room_2, infiniplex_forest_side_room,
          infiniplex_forest_clump_cross, infiniplex_forest_straight_2,
          infiniplex_forest_lined_1
D:3:      kennysheep_goblin_castle, layout_rooms
D:4:      layout_basic, nicolae_qazlal_style_of_elements,
          minmay_temple_entry_metal_lava, serial_shops, shop
Temple:   compressed_dpeg_triangle_lava_temple

Skill      XL: |  1  2  3  4  5  6 |
---------------+-------------------+-----
Stealth        | 6 7 8 |  8.1
Spellcasting   | 1 2 3 |  3.0
Fighting       | 3 4 |  4.0
Short Blades   | |  2.0
Throwing       | |  1.7
Dodging        | |  0.7

Action                   |  1- 3 |  4- 6 || total
-------------------------+-------+-------++-------
Melee: Dagger            |    86 |    70 ||   156
       Scimitar          |    16 |    23 ||    39
Throw: Dart              |    18 |    32 ||    50
 Abil: Spit Poison       |    16 |    18 ||    34
  Use: Scroll            |       |     9 ||     9
       Potion            |       |     1 ||     1
 Stab: Sleeping          |    11 |     4 ||    15
Armor: Robe              |    33 |    32 ||    65
Dodge: Dodged            |    45 |    52 ||    97
Block: Other             |     5 |    22 ||    27

Table legend: (Time is in decaauts)
 A = Elapsed time spent in this place.
 B = Non-inter-level travel time spent in this place.
 C = Inter-level travel time spent in this place.
 D = Time resting spent in this place.
 E = Time spent auto-exploring this place.
 F = Levels seen in this place.
 G = Mean time per level.
                   A        B        C        D        E       F      G
               +--------+--------+--------+--------+--------+-----+--------+
         Total |   5381 |   5332 |     49 |    176 |   3903 |   5 | 1076.2 |
       Dungeon |   4925 |   4876 |     49 |    176 |   3480 |   4 | 1231.2 |
        Temple |    455 |    455 |      0 |      0 |    423 |   1 |  455.0 |
               +--------+--------+--------+--------+--------+-----+--------+

Top non-repeatable levels by time:
     D:4: 1814 daAuts
     D:1: 1417 daAuts
     D:2: 1328 daAuts
  Temple: 455 daAuts
     D:3: 365 daAuts
